 Dungeon Crawl Stone Soup version 0.32-a0-306-gfed3edf829 (webtiles) character file.

Game seed: 4040248021963030462

258 HC7 the Ruffian (level 5, -11/49 HPs)
             Began as a Troll Warper on Feb 14, 2024.
             Killed by an exploding black bear (14 damage)
             ... ignited by their inner flame
             ... on level 3 of the Dungeon.
             The game lasted 00:10:11 (2812 turns).

HC7 the Ruffian (Troll Warper)                      Turns: 2812, Time: 00:10:13

Health: -11/49     AC:  4    Str: 19    XL:     5   Next: 94%
Magic:  6/6        EV: 11    Int:  9    God:
Gold:   157        SH:  0    Dex: 17    Spells: 2/7 levels left

rFire   . .          .
                       - Unarmed
rCold   . . .        (no shield)
rNeg    . . .        b - +0 robe
rPois   .            (helmet restricted)
rElec   .            s - scarf {repulsion}
rCorr   .            (gloves unavailable)
SInv    .            (boots unavailable)
Will    .....        (no amulet)
Stlth   ++           n - +6 ring of dexterity
HPRegen 1.08/turn    (no ring)
MPRegen 0.10/turn

%: repel missiles
@: no status effects
A: large, unfitting armour, claws 3, regeneration 1, shaggy fur 1, tough skin 1
a: no special abilities


You were on level 3 of the Dungeon.
You visited 1 branch of the dungeon, and saw 4 of its levels.

You collected 157 gold pieces.

Inventory:

Hand Weapons
 a - a +0 spear
 i - a +3 short sword
Missiles
 d - 13 darts of dispersal (quivered)
 p - 6 poisoned darts
Armour
 b - a +0 robe (worn)
 l - the +3 leather armour of Ceopnepuqe {rF+}
   (You found it on level 2 of the Dungeon)

   rF+:       It protects you from fire.
 s - a scarf of repulsion (worn)
Jewellery
 n - a +6 ring of dexterity (left claw)
Talismans
 q - a blade talisman
Scrolls
 c - a scroll of blinking
 f - a scroll of teleportation
 r - a scroll of vulnerability
Potions
 e - a potion of curing
 g - a potion of magic {unknown}
 h - 2 potions of attraction {unknown}
 k - 3 potions of lignification {unknown}
 m - a potion of invisibility {unknown}
 o - a potion of haste {unknown}


   Skills:
 + Level 1.9 Fighting
 + Level 1.7 Polearms
 + Level 0.8 Throwing
 + Level 2.7 Dodging
 * Level 0.9 Stealth
 + Level 3.4 Unarmed Combat
 + Level 1.6 Spellcasting
 + Level 2.6 Translocations
 * Level 0.9 Shapeshifting


You had 2 spell levels left.
You knew the following spells:

 Your Spells              Type           Power      Damage    Failure   Level
a - Blink                 Tloc           10%        N/A       19%         2
b - Call Canine Familiar  Summ           0%         N/A       71%         3

Your spell library contained the following spells:

 Spells                   Type           Power      Damage    Failure   Level
 Lesser Beckoning         Tloc           10%        N/A       19%         2
 Teleport Other           Tloc           5%         N/A       34%         3
 Sigil of Binding         Hex            0%         N/A       71%         3
 Manifold Assault         Tloc           5%         N/A       75%         4
 Dimensional Bullseye     Hex/Tloc       1%         N/A       90%         4
 Vhi's Electric Charge    Tloc/Air       6%         N/A       90%         4


Dungeon Overview and Level Annotations

Branches:
Dungeon (4/15)
 Temple: D:4-7

Altars:

Annotations:
D:2 1 runed translucent door, Crazy Yiuf


Innate Abilities, Weirdness & Mutations

You are too large for most types of armour.
You have claws for hands.
Your natural rate of healing is unusually fast.
You are covered in fur. (AC +1)
You have tough skin. (AC +1)


Message History

The hound pauses to sniff the ground.
The hound bites you.
You closely miss the hound.
The hound is heavily wounded.
The hound misses you.
You scratch the hound.
The hound is heavily wounded.
The hound barely misses you.
You closely miss the hound.
The hound is heavily wounded.
The hound closely misses you. The hound barely misses you.
You claw the hound!
You kill the hound!
You see here a +0 club.
There is a stone staircase leading down here.
You climb downwards.
You hear the sound of rushing water.
There is an entrance to a sewer on this level.
Hurry and find it before the portal rusts away!
The orc barely misses you. The black bear closely misses you. x2
The black bear claws you. The orc barely misses you.
There is a stone staircase leading up here.
The quokka bites you. The black bear bites you. The black bear claws you.
The black bear barely misses you. The orc hits you but does no damage.
The quokka closely misses you.
You climb upwards.
There is a stone staircase leading down here.
As you read the scroll of immolation, it crumbles to dust.
The creatures around you are filled with an inner flame!
The black bear bites you but does no damage.
The black bear claws you.
The black bear claws you but does no damage.
The orc barely misses you. The quokka completely misses you.
You claw the quokka!
The quokka explodes!
The fiery explosion engulfs the black bear!!
The fiery explosion engulfs you!
* * * LOW HITPOINT WARNING * * *
The black bear explodes!
The fiery explosion engulfs you!
You die...

.....##.# #...# #.### .)#####.#
#...# ########.# .#.###.####...#
#........##### # ###...## #...##
#.#####..#...# #
##########.######.#####......####
#...##...#.##........##.##...)...
#........#..>..§§§##.##.#########
#...##...#.##.##§§§.....#
.......†......##@##.....#
.......###...###o##...#.#
.......# #.......######.#
.......# ###.##### #.# .......#
#.....# #.# .......# #.....# #.#
.......# #.....# #.# ##..####
#.....# ##.# #.## #.....# #..#


You could see an orc (inner flame).

Vanquished Creatures
  A black bear (D:3)
  2 hounds (D:3)
  Jessica (D:2)
  An iguana (D:3)
  4 adders
  A dart slug (D:3)
  3 orcs
  2 endoplasms
  3 giant cockroaches
  6 goblins
  10 hobgoblins
  4 jackals (D:1)
  8 kobolds
  4 quokkas
  5 ball pythons
  5 bats
  2 frilled lizards
  3 rats (D:1)
65 creatures vanquished.

Notes
Turn   | Place    | Note
-------+----------+-------------------------------------------
     0 | D:1      | HC7 the Troll Warper began the quest for the Orb.
     0 | D:1      | Reached XP level 1. HP: 19/19 MP: 1/1
    89 | D:1      | Reached XP level 2. HP: 27/27 MP: 3/3
   203 | D:1      | You fall into a shaft and drop 1 floor!
   291 | D:1      | Reached XP level 3. HP: 35/35 MP: 4/4
   313 | D:1      | Learned a level 2 spell: Blink
   584 | D:1      | Reached skill level 1 in Unarmed Combat
  1095 | D:2      | Reached XP level 4. HP: 41/42 MP: 5/5
  1109 | D:2      | Found a faded altar of an unknown god.
  1137 | D:2      | Learned a level 3 spell: Call Canine Familiar
  1137 | D:2      | Noticed a nameless horror
  1434 | D:2      | Identified the +3 leather armour of Ceopnepuqe {rF+}
  1684 | D:2      | Noticed Jessica
  1689 | D:2      | Killed Jessica
  1690 | D:2      | Reached skill level 2 in Unarmed Combat
  1909 | D:2      | Found a runed translucent door.
  1910 | D:2      | Noticed Crazy Yiuf
  2181 | D:3      | Reached XP level 5. HP: 42/49 MP: 6/6
  2184 | D:3      | Reached skill level 3 in Unarmed Combat
  2722 | D:4      | Noticed a black bear
  2812 | D:3      | Killed a black bear
  2812 | D:3      | Killed by an exploding black bear... ignited by their inner
                  | flame

Illustrated notes

Levels and vault maps discovered:
D:1:      heliophobic_arrival_henge, layout_loops_ring
D:2:      layout_basic, hellmonk_ecumenical_altar_blasted,
          uniq_crazy_yiuf_cottage, uniq_jessica
D:3:      layout_loops_cross, feat_on_display
D:4:      layout_cave_pools, portal_sewer_entry_e

Skill      XL: |  1  2  3  4  5 |
---------------+----------------+-----
Dodging        | 2 |  2.7
Unarmed Combat | 1 2 3 |  3.4
Fighting       | |  1.9
Polearms       | |  1.7
Throwing       | |  0.8
Stealth        | |  0.9
Spellcasting   | |  1.6
Translocations | |  2.6
Shapeshifting  | |  0.9

Action                     |  1- 3 |  4- 6 || total
---------------------------+-------+-------++-------
  Melee: Spear             |    10 |       ||    10
         Unarmed           |    84 |   108 ||   192
         Punch             |     1 |       ||     1
   Cast: Blink             |       |     1 ||     1
    Use: Scroll            |     4 |     6 ||    10
   Stab: Sleeping          |     2 |       ||     2
 Armour: Robe              |    49 |   161 ||   210
  Dodge: Dodged            |    44 |   125 ||   169

Table legend: (Time is in decaauts)
 A = Elapsed time spent in this place.
 B = Non-inter-level travel time spent in this place.
 C = Inter-level travel time spent in this place.
 D = Time resting spent in this place.
 E = Time spent auto-exploring this place.
 F = Levels seen in this place.
 G = Mean time per level.
                   A        B        C        D        E       F      G
               +--------+--------+--------+--------+--------+-----+--------+
         Total |   2804 |   2693 |    111 |      0 |   1699 |   4 |  701.0 |
       Dungeon |   2804 |   2693 |    111 |      0 |   1699 |   4 |  701.0 |
               +--------+--------+--------+--------+--------+-----+--------+

Top non-repeatable levels by time:
     D:2: 1227 daAuts
     D:1: 785 daAuts
     D:3: 662 daAuts
     D:4: 129 daAuts
